 Dungeon Crawl Stone Soup version 0.19.0 (webtiles) character file.

63 Korbac the Skirmisher (level 3, -1/29 HPs)
             Began as a Demonspawn Fighter on Nov 2, 2016.
             Killed by divine providence
             ... invoked by an orc priest
              (12 damage)
             ... on level 3 of the Dungeon.
             The game lasted 00:05:00 (1642 turns).

Korbac the Skirmisher (Demonspawn Fighter)          Turns: 1642, Time: 00:05:00

Health: -1/29      AC:  6    Str: 17    XL:     3   Next: 87%
Magic:  3/3        EV:  7    Int:  9    God:
Gold:   93         SH:  9    Dex: 12    Spells: 0 memorised, 2 levels left

rFire  . . .     SeeInvis .     a - +0 long sword
rCold  . . .     Gourm    .     b - +0 scale mail
rNeg   . . .     Faith    .     c - +0 shield
rPois  .         Spirit   .     (helmet restricted)
rElec  .         Reflect  .     (no cloak)
rCorr  .         Harm     .     (no gloves)
MR     .....                    (no boots)
Stlth  ..........               (no amulet)
                                (no ring)
                                (no ring)

@: no status effects
A: horns 1, demonic guardian 1
a: no special abilities


You were on level 3 of the Dungeon.
You were not hungry.

You visited 1 branch of the dungeon, and saw 3 of its levels.

You collected 93 gold pieces.

Inventory:

Hand Weapons
 a - a +0 long sword (weapon)
Armour
 b - a +0 scale mail (worn)
 c - a +0 shield (worn)
Scrolls
 e - 3 scrolls of blinking {unknown}
 h - 2 scrolls of remove curse {unknown}
 j - a scroll of recharging {unknown}
 k - a scroll of fog {unknown}
 m - 2 scrolls of enchant weapon {unknown}
 n - a scroll of random uselessness {unknown}
 p - a scroll of enchant armour {unknown}
Potions
 d - a potion of might
 l - a potion of curing {unknown}
 o - a potion of ambrosia {unknown}
 q - a potion of degeneration {unknown}
 r - a potion of haste {unknown}
Comestibles
 f - a bread ration
 g - 3 beef jerkies
 i - a meat ration
 s - 2 fruits


   Skills:
 * Level 3.3 Fighting
 * Level 2.4 Long Blades
 * Level 3.1 Armour
 * Level 3.3 Shields


You had 2 spell levels left.
You didn't know any spells.

Dungeon Overview and Level Annotations

Branches:
Dungeon (3/15)

Altars:
Okawaru


Innate Abilities, Weirdness & Mutations

You have a pair of small horns on your head.
A weak demonic guardian rushes to your aid.


Message History

The orc hits you but does no damage.
Your scale mail prevents you from hitting the orc.
Your headbutt misses the orc. You block the orc's attack.
You closely miss the orc. You headbutt the orc.
The orc is moderately wounded.
The orc priest looks encouraged for a moment.
The orc closely misses you.
You closely miss the orc.
The orc is moderately wounded.
The orc hits you but does no damage. The orc hits you with a club.
You closely miss the orc.
The orc is moderately wounded.
The orc priest calls down the wrath of Beogh upon you.
Beogh smites you! You block the orc's attack.
The orc priest begins to cast a cantrip, but forgets the words!
The orc barely misses your quasit.
Your quasit disappears in a puff of smoke!
The orc priest mumbles some strange prayers to Beogh against you.
Beogh smites you!
You die...

## ... ....
.....
####......
#5oloo....
#@######..
#.# ##.#
##..# #..##
##.##
####.####..#
......).<.##
#....###..#


You could see an orc priest, 2 orcs, a frilled lizard and a friendly shadow imp.

Vanquished Creatures
  2 adders (D:2)
  A worm (D:2)
  2 dart slugs
  A ball python (D:1)
  7 bats
  4 giant cockroaches
  A goblin (D:2)
  4 hobgoblins
  7 frilled lizards
  A kobold (D:2)
  12 rats
42 creatures vanquished.

Notes
Turn   | Place    | Note
-------+----------+-------------------------------------------
     0 | D:1      | Korbac the Demonspawn Fighter began the quest for the Orb.
     0 | D:1      | Reached XP level 1. HP: 18/18 MP: 1/1
   197 | D:1      | Gained mutation: You have a pair of small horns on your head. [demonic ancestry]
   197 | D:1      | Reached XP level 2. HP: 21/24 MP: 2/2
   871 | D:2      | Gained mutation: A weak demonic guardian rushes to your aid. [demonic ancestry]
   871 | D:2      | Reached XP level 3. HP: 25/29 MP: 3/3
  1313 | D:2      | Found an iron altar of Okawaru.
  1642 | D:3      | Killed from afar by an orc priest

Skill      XL: |  1  2 |
---------------+-------+-----
Shields        | 3 |  3.3
Long Blades    | 2 |  2.4
Armour         | 3 |  3.1
Fighting       | |  3.3

Action                   || total
-------------------------++-------
Melee: Long sword        ||   137
       Headbutt          ||    14
  Eat: Bread ration      ||     1
Armor: Scale mail        ||    87
Dodge: Dodged            ||    32
Block: Shield            ||    81
       Rpst.: Long sword ||    13
